 Dungeon Crawl Stone Soup version 0.24.0-125-gc4c63601f3 (webtiles) character file.

Game seed: 17773786638234520731, levelgen mode: deterministic

345 Lannister the Conjurer (level 6, -7/32 HPs)
             Began as a Kobold Conjurer on Mar 13, 2020.
             Shot with an arrow by a centaur (14 damage)
             ... on level 5 of the Dungeon.
             The game lasted 00:32:04 (3508 turns).

Lannister the Conjurer (Kobold Conjurer)            Turns: 3508, Time: 00:32:04

Health: -7/32      AC:  3    Str:  5    XL:     6   Next: 90%
Magic:  2/18       EV: 15    Int: 18    God:
Gold:   138        SH:  0    Dex: 16    Spells: 2/9 levels left

rFire    . . .     SeeInvis .   (weapon restricted)
rCold    . . .     Gourm    .   (shield restricted)
rNeg     . . .     Faith    .   f - +0 robe
rPois    .         Spirit   .   j - +0 helmet
rElec    .         Reflect  .   (no cloak)
rCorr    .         Harm     .   (no gloves)
MR       .....                  (no boots)
Stlth    ++........             (no amulet)
HPRegen  0.10/turn              (no ring)
MPRegen  0.16/turn              l - ring of magical power

@: no status effects
A: small, carnivore
a: no special abilities


You were on level 5 of the Dungeon.
You were very full.

You visited 1 branch of the dungeon, and saw 5 of its levels.

You collected 138 gold pieces.

Inventory:

Hand Weapons
 b - a +0 hunting sling
 o - a +1 hand axe
 u - a +0 long sword
Missiles
 d - 12 bolts
Armour
 a - a +0 robe
 f - a +0 robe (worn)
 g - a +0 ring mail
 h - a +0 ring mail
 i - a +0 leather armour
 j - a +0 helmet (worn)
Jewellery
 e - an uncursed ring of teleportation
 l - a ring of magical power (right hand)
 p - an uncursed ring of protection from cold {unknown}
 r - a +1 ring of evasion {unknown}
 v - a cursed amulet of inaccuracy
Wands
 s - a wand of flame (11)
Potions
 q - a potion of brilliance
Comestibles
 c - 5 rations


   Skills:
 - Level 2.4 Dodging
 - Level 2.7 Stealth
 - Level 2.2 Spellcasting
 + Level 7.7 Conjurations


You had 2 spell levels left.
You knew the following spells:

 Your Spells              Type           Power        Failure   Level  Hunger
a - Magic Dart            Conj           ####         1%          1    #......
b - Searing Ray           Conj           ####..       1%          2    ##.....
c - Iskenderun's Mystic   Conj           ####....     8%          4    #####..

Your spell library contained the following spells:

 Spells                   Type           Power        Failure   Level  Hunger
 Blink                    Tloc           N/A          26%         2    ##.....
 Call Imp                 Summ           #.......     26%         2    ##.....
 Slow                     Hex            #.......     26%         2    ##.....
 Conjure Flame            Conj/Fire      ###.....     11%         3    ###....
 Dazzling Spray           Conj/Hex       ###...       11%         3    ###....
 Mephitic Cloud           Conj/Pois/Air  ##......     19%         3    ###....
 Force Lance              Conj/Tloc      ###.....     36%         4    #####..
 Fulminant Prism          Conj/Hex       ###.......   36%         4    #####..


Dungeon Overview and Level Annotations

Branches:
Dungeon (4/15)             Temple (0/1) D:5

Altars:
Yredelemnul


Innate Abilities, Weirdness & Mutations

You are small and have problems with some larger weapons.
You are carnivorous and can eat meat at any time.


Message History

The magic dart hits the centaur but does no damage.
The centaur is almost dead.
The centaur shoots an arrow.
The arrow hits you!
* * * LOW HITPOINT WARNING * * *
Okay, then.
Casting: Magic Dart (safe; 1% risk of failure)
Confirm with . or Enter, or press ? or * to list all spells.
You don't have enough magic to cast that spell.
Casting: Magic Dart (safe; 1% risk of failure)
Confirm with . or Enter, or press ? or * to list all spells.
Okay, then.
Casting: Magic Dart (safe; 1% risk of failure)
Confirm with . or Enter, or press ? or * to list all spells.
Aiming: Magic Dart (safe; 1% risk of failure)
Press: ? - help, Shift-Dir - straight line, f/p - centaur
Aim: a centaur, wielding a +0 shortbow (almost dead)
The magic dart hits the centaur.
The centaur is almost dead.
The centaur shoots an arrow.
The arrow hits you!
You die...

## ########## #. #........# *###
#. #....<...# *..# #. #........#
*..# #. #........### *..# #.
#.....†....#### *..# ****#.
#........#....###..# **.....
#.........###.#.@..###*****,.###.
#########..##........c..,,,,***#.
##########..............,,,*,,...
.......####....##.......,,,,,...#
........................,,..*#...
............#......>>.......##.#.
............####.................
............#######..............
................#####............


You could see a centaur.

Vanquished Creatures
  A crimson imp (D:5)
  2 hounds (D:5)
  A jelly (D:5)
  An orc priest (D:4)
  2 iguanas (D:4)
  7 adders
  An ooze (D:2)
  An adder skeleton (D:4)
  2 worms
  A dart slug (D:1)
  3 leopard geckos
  4 orcs (D:4)
  2 bats
  3 giant cockroaches
  7 hobgoblins
  6 jackals
  3 kobolds (D:1)
  2 quokkas
  A ball python (D:5)
  5 frilled lizards
  6 goblins
  7 rats
68 creatures vanquished.

Notes
Turn   | Place    | Note
-------+----------+-------------------------------------------
     0 | D:1      | Lannister the Kobold Conjurer began the quest for the Orb.
     0 | D:1      | Reached XP level 1. HP: 10/10 MP: 3/3
   232 | D:1      | Reached XP level 2. HP: 15/15 MP: 1/5
   619 | D:1      | Learned a level 2 spell: Searing Ray
   714 | D:1      | Reached XP level 3. HP: 19/19 MP: 6/6
  1088 | D:2      | Reached skill level 5 in Conjurations
  1208 | D:3      | Reached XP level 4. HP: 24/24 MP: 3/7
  1299 | D:3      | Learned a level 4 spell: Force Lance
  1353 | D:3      | Found a basalt altar of Yredelemnul.
  2149 | D:4      | Reached skill level 6 in Conjurations
  2149 | D:4      | Reached XP level 5. HP: 28/28 MP: 7/8
  2245 | D:4      | Learned a level 4 spell: Iskenderun's Mystic Blast
  2626 | D:4      | Reached XP level 6. HP: 32/32 MP: 9/9
  2800 | D:4      | You fall into a shaft and drop 1 floor!
  2800 | D:5      | Entered Level 5 of the Dungeon
  2803 | D:5      | Reached skill level 7 in Conjurations
  3299 | D:5      | Found a staircase to the Ecumenical Temple.
  3508 | D:5      | Shot with an arrow by a centaur

Levels and vault maps discovered:
D:1:      sevenhm_arrival_forest_fort_small_3, layout_loops_ring,
          roderic_lattice_a
D:2:      layout_loops_corners, overflow_temple_1_default,
          chequers_ecumenical_altar_grove, uniq_jessica
D:3:      layout_loops_ring, lemuel_altar_in_water
D:4:      layout_basic, serial_corexii_hall, chequers_hall_statues_corner_a,
          chequers_hall_statues_corner_a, corexii_hall_statues_deadend,
          corexii_hall_statues_x, grunt_ministairs_10
D:5:      layout_rooms, minmay_temple_entry_statues, first_ration

Skill      XL: |  1  2  3  4  5  6 |
---------------+-------------------+-----
Conjurations   | 5 6 7 |  7.7
Dodging        | |  2.4
Stealth        | |  2.7
Spellcasting   | |  2.2

Action                   |  1- 3 |  4- 6 || total
-------------------------+-------+-------++-------
Melee: Unarmed           |     9 |    13 ||    22
 Cast: Magic Dart        |    39 |    54 ||    93
       Searing Ray       |     7 |     9 ||    16
       Iskenderun's Myst |       |    27 ||    27
  Use: Scroll            |     5 |     8 ||    13
       Potion            |       |     6 ||     6
 Stab: Sleeping          |     1 |       ||     1
  Eat: Chunk             |     8 |    14 ||    22
Armor: Robe              |     2 |     9 ||    11
Dodge: Dodged            |     9 |    38 ||    47
